 Dungeon Crawl Stone Soup version 0.26.0-91-g99b343417d (webtiles) character file.

Game seed: 3540119373447571838

850 PentaManta the Grappler (level 7, -2/67 HPs)
             Began as a Troll Abyssal Knight on Feb 3, 2021.
             Was a Believer of Lugonu.
             Slain by an ogre
             ... wielding a +0 giant club
              (10 damage)
             ... on level 5 of the Dungeon.
             The game lasted 00:05:40 (2807 turns).

PentaManta the Grappler (Troll Abyssal Knight)      Turns: 2807, Time: 00:05:40

Health: -2/67      AC:  6    Str: 23    XL:     7   Next: 69%
Magic:  7/7        EV:  7    Int: 14    God:    Lugonu [**....]
Gold:   326        SH:  8    Dex:  9    Spells: 6/6 levels left

rFire    . . .     SeeInvis +     - Unarmed
rCold    . . .     Faith    .   t - +1 kite shield
rNeg     . . .     Spirit   .   a - +0 robe
rPois    .         Reflect  .   (helmet restricted)
rElec    .         Harm     .   (no cloak)
rCorr    .         Rampage  .   (gloves unavailable)
Will     .....                  (boots unavailable)
Stlth    +.........             r - amulet of the acrobat
HPRegen  0.61/turn              b - +6 ring of intelligence
MPRegen  0.10/turn              f - ring of see invisible

@: no status effects
A: large, unfitting armour, claws 3, regeneration 1, shaggy fur 1, tough skin 3
a: Renounce Religion, Depart the Abyss, Bend Space


You were on level 5 of the Dungeon.
You worshipped Lugonu.
Lugonu was pleased with you.
You visited 1 branch of the dungeon, and saw 7 of its levels.
You visited the Abyss 1 time.

You collected 326 gold pieces.

Inventory:

Missiles
 d - 57 stones (quivered)
 p - 18 poisoned darts
Armour
 a - a +0 robe (worn)
 t - a +1 kite shield (worn)
Jewellery
 b - a +6 ring of intelligence (left claw)
 f - a ring of see invisible (right claw)
 r - an amulet of the acrobat (around neck)
Wands
 j - a wand of enslavement (12)
Scrolls
 h - 8 scrolls of remove curse
 i - a scroll of blinking
 l - 4 scrolls of teleportation
 m - a scroll of enchant armour
 n - a scroll of noise {unknown}
 s - a scroll of enchant weapon
Potions
 c - 3 potions of curing
 e - 3 potions of might
 g - 2 potions of lignification {unknown}
 k - 2 potions of resistance
 o - a potion of heal wounds
 q - 2 potions of brilliance {unknown}


   Skills:
 - Level 3.0 Fighting
 - Level 2.3 Dodging
 * Level 8.5 Unarmed Combat
 - Level 1.7 Invocations


You had 6 spell levels left.
You didn't know any spells.
Your spell library was empty.

Dungeon Overview and Level Annotations

Branches:
Dungeon (7/15)
 Temple: D:4-7

Altars:
Cheibriados
Uskayaw

Annotations:
D:6 Pikel


Innate Abilities, Weirdness & Mutations

You are too large for most types of armour.
You have claws for hands.
Your natural rate of healing is unusually fast.
You are covered in fur. (AC +1)
You have extremely tough skin. (AC +3)


Message History

The ogre is almost dead.
The ogre hits you with a +0 giant club!
You barely miss the ogre.
The ogre is almost dead.
The orc priest calls down the wrath of Beogh upon you.
Beogh smites you!
* * * LOW HITPOINT WARNING * * *
The orc wizard gestures wildly while chanting.
The orc wizard blinks!
Your shield prevents you from hitting the ogre.
The ogre is almost dead.
You block the ogre's attack.
The orc priest mumbles some strange prayers to Beogh against you.
Beogh smites you!
* * * LOW HITPOINT WARNING * * *
Unknown command.
Your shield prevents you from hitting the ogre.
The ogre is almost dead.
The ogre hits you with a +0 giant club!
You die...

#####+##+#.....#
..........>..#
.............#
........o....#
.............#
...####.....## .
+..#.....#
#..Oo....#
#.@#o....#
#..#....O#
#..#####o.. ....


oo.. ..... ... ....... .. #####.## #.# You could see an ogre, an orc wizard and
an orc.

Vanquished Creatures
  A wyvern (D:7)
  A sky beast (D:6)
  An ogre (D:4)
  2 phantoms
  A lemure (D:5)
  A bullfrog (D:7)
  A scorpion (D:7)
  A bullfrog skeleton (D:3)
  A jelly (D:6)
  An orc priest (D:3)
  2 iguanas
  2 adders
  An ufetubus (D:6)
  4 worms
  2 leopard geckos
  5 orcs
  A ball python (D:1)
  4 bats
  2 giant cockroaches (D:3)
  3 hobgoblins (D:3)
  8 jackals
  5 kobolds
  5 quokkas
  A frilled lizard (D:2)
  3 goblins
  A jackal skeleton (D:7)
  4 rats
64 creatures vanquished.

Notes
Turn   | Place    | Note
-------+----------+-------------------------------------------
     0 | Abyss:1  | PentaManta the Troll Abyssal Knight began the quest for the
                  | Orb.
     0 | Abyss:1  | Reached XP level 1. HP: 22/22 MP: 1/1
   123 | Abyss:2  | Noticed an orb spider
   131 | D:1      | Escaped the Abyss
   175 | D:1      | Reached XP level 2. HP: 25/29 MP: 2/2
   866 | D:2      | Reached * piety under Lugonu
   926 | D:2      | Found a faded altar of an unknown god.
   974 | D:2      | Found a hide-covered altar of Uskayaw.
  1470 | D:3      | Reached XP level 3. HP: 31/36 MP: 3/3
  1678 | D:3      | Reached skill level 3 in Unarmed Combat
  1678 | D:3      | Reached XP level 4. HP: 37/45 MP: 4/4
  1703 | D:3      | Found a snail-covered altar of Cheibriados.
  2046 | D:3      | Reached skill level 4 in Unarmed Combat
  2398 | D:4      | Reached XP level 5. HP: 51/53 MP: 5/5
  2415 | D:4      | Noticed a phantom
  2429 | D:4      | Killed a phantom
  2430 | D:4      | Reached skill level 5 in Unarmed Combat
  2495 | D:4      | Noticed an ogre
  2500 | D:4      | Killed an ogre
  2501 | D:4      | Reached skill level 6 in Unarmed Combat
  2501 | D:4      | Reached XP level 6. HP: 61/61 MP: 6/6
  2574 | D:4      | You fall into a shaft and drop 3 floors!
  2574 | D:7      | Noticed a wyvern
  2585 | D:7      | Killed a wyvern
  2634 | D:7      | Reached skill level 7 in Unarmed Combat
  2634 | D:7      | Reached XP level 7. HP: 67/67 MP: 7/7
  2636 | D:7      | Reached ** piety under Lugonu
  2719 | D:6      | Reached skill level 8 in Unarmed Combat
  2770 | D:6      | Noticed Pikel
  2773 | D:5      | Entered Level 5 of the Dungeon
  2807 | D:5      | Slain by an ogre

Illustrated notes

Levels and vault maps discovered:
D:1:      onia_arrival_mini_spirals, layout_loops_ring
D:2:      layout_rooms, nicolae_overflow_crystal_walls,
          chequers_ecumenical_altar_island
D:3:      layout_basic, lemuel_round_altar, minmay_misc_feat_secret_circle
D:4:      layout_gridville, portal_sewer_entry_e, corexii_hall_statues_l
D:5:      layout_gridville, minmay_temple_entry_arrows, guppyfry_shop_venom,
          uniq_edmund
D:6:      layout_cave_pools, amethyst_overflow_temple_binary,
          nemelex_xobeh_ov_fountains_minmay, uniq_eustachio, uniq_pikel
D:7:      layout_basic

Skill      XL: |  1  2  3  4  5  6  7 |
---------------+----------------------+-----
Dodging        | 2 |  2.3
Fighting       | 3 |  3.0
Unarmed Combat | 3 4 6 7 8 |  8.5
Invocations    | |  1.7

Action                   |  1- 3 |  4- 6 |  7- 9 || total
-------------------------+-------+-------+-------++-------
Melee: Unarmed           |    95 |    82 |    47 ||   224
       Punch             |     1 |     1 |       ||     2
Throw: Stone             |       |       |     8 ||     8
Invok: Depart the Abyss  |     1 |       |       ||     1
  Use: Scroll            |     2 |    11 |       ||    13
Armor: Robe              |    64 |    19 |     6 ||    89
Dodge: Dodged            |   104 |    28 |    10 ||   142
Block: Kite shield       |       |    13 |    11 ||    24
